 Dungeon Crawl Stone Soup version 0.25-a0-464-g3004169c2b (webtiles) character file.

Game seed: 17345148014089559538, levelgen mode: deterministic

53974 sking99 the Demonic Catastrophe (level 14, -3/114 HPs)
             Began as a Demonspawn Monk on Feb 5, 2020.
             Was an Elder of Qazlal.
             Slain by an orc warrior
             ... wielding a +0 glaive
             ... led by an orc knight
              (22 damage)
             ... on level 2 of the Orcish Mines on Feb 6, 2020.
             The game lasted 00:52:32 (22757 turns).

sking99 the Demonic Catastrophe (Demonspawn Monk)  Turns: 22757, Time: 00:52:32

Health: -3/114     AC: 32    Str: 15    XL:     14   Next: 32%
Magic:  0/27       EV:  8    Int: 15    God:    Qazlal [****..]
Gold:   1867       SH: 11    Dex: 17    Spells: 13/13 levels left

rFire    + + .     SeeInvis .   x - +9 lance "Wyrmbane" {slay drac, rPois rF+ rC+ AC+3}
rCold    + + .     Gourm    .   r - +0 buckler
rNeg     . . .     Faith    .   W - +4 chain mail {rF+}
rPois    +         Spirit   +   S - +1 helmet {Int+3}
rElec    .         Reflect  .   f - +2 cloak
rCorr    .         Harm     .   K - +0 pair of gloves
MR       ++...                  (no boots)
Stlth    ..........             U - amulet of regeneration
HPRegen  0.69/turn              q - ring of protection from magic
MPRegen  0.20/turn              B - +3 ring of protection

@: lightly drained, repel missiles
A: talons 2, iridescent scales 3, cold resistance 1, magic shield, freezing
cloud immunity
a: Upheaval, Elemental Force, Renounce Religion


You were on level 2 of the Orcish Mines.
You worshipped Qazlal.
Qazlal was greatly pleased with you.
You were not hungry.

You visited 4 branches of the dungeon, and saw 19 of its levels.
You also visited: Bailey.

You collected 1867 gold pieces.

Inventory:

Hand Weapons
 x - the +9 lance "Wyrmbane" (weapon) {slay drac, rPois rF+ rC+ AC+3}
   (You took it off Maggie on level 9 of the Dungeon)

   It affects your AC (+3).
   It protects you from fire.
   It protects you from cold.
   It protects you from poison.
Missiles
 a - 87 poisoned darts (quivered)
Armour
 f - a +2 cloak (worn)
 r - a +0 buckler (worn)
 K - a +0 pair of gloves (worn)
 S - a +1 helmet of intelligence (worn)
 W - a +4 chain mail of fire resistance (worn)
Jewellery
 l - an uncursed ring of fire
 n - an uncursed ring of wizardry
 o - an uncursed ring of positive energy
 q - a ring of protection from magic (left hand)
 u - an uncursed ring of wizardry
 v - an uncursed amulet of magic regeneration
 z - an uncursed ring of protection from fire
 B - a +3 ring of protection (right hand)
 I - an uncursed ring of protection from cold
 U - an amulet of regeneration (around neck)
 Z - a +4 ring of strength
Wands
 m - a wand of iceblast (6)
 C - a wand of digging (6)
 J - a wand of paralysis (2)
 L - a wand of flame (19)
 M - a wand of scattershot (4)
 V - a wand of polymorph (12)
Scrolls
 b - 8 scrolls of remove curse
 e - a scroll of blinking
 g - 3 scrolls of immolation
 i - a scroll of enchant armour
 j - 5 scrolls of teleportation
 s - 2 scrolls of fog
 t - 2 scrolls of amnesia
 w - 2 scrolls of enchant weapon
 y - a scroll of magic mapping
 A - a scroll of brand weapon {unknown}
 E - a scroll of fear
 G - a scroll of silence {unknown}
 P - 3 scrolls of random uselessness {unknown}
 T - a scroll of identify
 X - a scroll of holy word {unknown}
Potions
 d - 3 potions of might
 h - 2 potions of curing
 k - a potion of magic
 p - 3 potions of brilliance
 F - 2 potions of cancellation
 H - 2 potions of berserk rage
 N - a potion of mutation {unknown}
 O - a potion of agility
 Q - 2 potions of haste
 R - a potion of heal wounds
 Y - a potion of ambrosia {unknown}
Comestibles
 c - 32 rations
 D - 11 chunks of flesh


   Skills:
 + Level 11.9(11.4) Fighting
   Level 9.2(10.9) Axes
 - Level 10.6(11.5) Polearms
 + Level 6.0(5.6) Armour
 - Level 3.3(2.9) Dodging
 - Level 1.7(1.4) Stealth
 - Level 4.0(3.6) Shields
 * Level 18.1(17.6) Invocations


You had 13 spell levels left.
You didn't know any spells.
Your spell library contained the following spells:

 Spells                   Type           Power        Failure   Level  Hunger
 Infusion                 Chrm           #...         99%         1    ##.....
 Shroud of Golubria       Chrm/Tloc      #.....       100%        2    ###....
 Song of Slaying          Chrm           #.......     100%        2    ###....
 Ozocubu's Armour         Chrm/Ice       #.......     100%        3    ####...
 Spectral Weapon          Hex/Chrm       #.......     100%        3    ####...


Dungeon Overview and Level Annotations

Branches:
Dungeon (10/15)            Temple (1/1) D:5            Lair (6/6) D:8
  Swamp (0/4) Lair:3       Spider (0/4) Lair:4        Slime (0/5) Lair:5
    Orc (2/2) D:9          Bailey (visited)
    Elf: Orc:2

Altars:
Ashenzari
Cheibriados
Dithmenos
Elyvilon
Fedhas
Gozag
Hepliaklqana
Kikubaaqudgha
Makhleb
Nemelex Xobeh
Okawaru
Qazlal
Ru
Sif Muna
Trog
Uskayaw
Vehumet
Wu Jian
Xom
Yredelemnul
Zin
The Shining One
Jiyva

Shops:
D:5 (   D:6 !

Annotations:
D:6 2 transporters


Innate Abilities, Weirdness & Mutations

You have razor-sharp toenails.
You are completely covered in iridescent scales. (AC +6)
Your flesh is cold resistant. (rC+)
When hurt, damage is shared between your health and your magic reserves.
You are immune to freezing clouds.


Message History

You block the orc warrior's attack.
You hit the orc warrior but do no damage.
The orc warrior is lightly wounded.
The troll is engulfed in blazing flames.
The troll bites you but does no damage. The troll claws you but does no damage.
The troll claws you! You block the orc's attack.
The orc warrior hits you from afar with a +0 glaive!
You hit the orc warrior. You claw the orc warrior.
The orc warrior is lightly wounded.
The ogre hits you with a +0 giant club!
The orc knight shoots a bolt.
You block the bolt.
The orc knight hits you with a +3 great sword of draining!
You feel drained.
The troll is engulfed in blazing flames.
The troll bites you! The troll barely misses you. You block the troll's attack.
The orc hits you but does no damage.
The orc warrior hits you with a +0 long sword!!
* * * LOW HITPOINT WARNING * * *
The orc warrior hits you from afar with a +0 glaive!!
You die...

......# #......
.......#.#...$.
...............
..............
. #<...........
...#.§§hoo.....
......OoTo.....
#...°o@§○..#
......☼o.......
.#.(.○§.....#..
###....##.##
###### ##


You could see 2 orc knights, a troll, a warg, 2 orc warriors, an ogre and 2
orcs.

Vanquished Creatures
  Snorg (D:10)
  6 hydras
  A catoblepas (Lair:4)
  Erica (D:9)
  Erolcha (D:10)
  3 death yaks (Lair:6)
  Urug (D:10)
  An orc sorcerer (Orc:1)
  5 elephants
  5 black mambas
  Maurice (D:10)
  2 gargoyles (D:10)
  27 spiny frogs
  6 komodo dragons
  Maggie (D:9)
  A rime drake (Lair:6)
  2 jumping spiders (Lair:4)
  3 trolls
  Prince Ribbit (D:9)
  A polar bear (Lair:3)
  3 tyrant leeches (Lair:6)
  6 bog bodies (Lair:3)
  24 blink frogs
  11 hippogriffs
  Sigmund (D:6)
  2 redbacks (Lair:4)
  59 yaks
  A spriggan (Lair:3)
  A human (D:7)
  A wyvern (Lair:6)
  3 hogs (D:7)
  A basilisk (Lair:2)
  6 vampire mosquitoes
  Edmund (D:6)
  2 wargs
  4 water moccasins
  Duvessa (D:4)
  7 porcupines
  A swamp drake (D:9)
  A sky beast (D:8)
  An ice beast (D:5)
  A black bear (Lair:3)
  11 orc warriors
  4 phantoms
  2 ogres
  6 centaurs
  17 wolves
  16 crocodiles
  30 bullfrogs
  6 scorpions
  Dowan (D:4)
  6 killer bees (D:8)
  2 jellies
  2 howler monkeys
  3 electric eels
  3 crimson imps
  A centaur skeleton (D:7)
  A bullfrog skeleton (D:8)
  A hound (D:4)
  5 orc priests
  7 orc wizards
  2 iguanas
  4 worker ants
  A hound zombie (D:7)
  A hound skeleton (D:6)
  A worker ant zombie (D:7)
  5 gnolls
  A howler monkey skeleton (D:8)
  11 adders
  A shadow imp (D:6)
  An adder zombie (D:8)
  An ooze (D:1)
  2 worms
  3 dart slugs
  3 leopard geckos (D:1)
  45 orcs
  9 bats
  4 giant cockroaches
  17 goblins
  6 hobgoblins
  4 jackals
  18 kobolds
  4 quokkas
  2 ball pythons
  4 frilled lizards
  A leopard gecko zombie (D:7)
  A quokka skeleton (D:6)
  8 rats
  A plant (Lair:6)
493 creatures vanquished.

Vanquished Creatures (others)
  An orc warrior (D:10)
  A gnoll sergeant (D:10)
  A scorpion (D:10)
  2 hounds (D:10)
  A worker ant (D:10)
  8 fungi
  13 plants
27 creatures vanquished.

Grand Total: 520 creatures vanquished

Notes
Turn   | Place    | Note
-------+----------+-------------------------------------------
     0 | D:1      | sking99 the Demonspawn Monk began the quest for the Orb.
     0 | D:1      | Reached XP level 1. HP: 18/18 MP: 1/1
   198 | D:1      | Found a snail-covered altar of Cheibriados.
   233 | D:1      | Gained mutation: You have sharp toenails. [demonic
                  | ancestry]
   233 | D:1      | Reached XP level 2. HP: 13/24 MP: 2/2
   745 | D:1      | Gained mutation: You have razor-sharp toenails. [demonic
                  | ancestry]
   745 | D:1      | Reached XP level 3. HP: 26/29 MP: 3/3
  2450 | D:3      | Gained mutation: You are partially covered in iridescent
                  | scales. (AC +2) [demonic ancestry]
  2450 | D:3      | Reached XP level 4. HP: 36/37 MP: 4/4
  3128 | D:3      | Found an ancient bone altar of Kikubaaqudgha.
  3295 | D:4      | Found a white marble altar of Elyvilon.
  3296 | D:4      | Found an opulent altar of Gozag.
  3327 | D:4      | Reached XP level 5. HP: 39/42 MP: 5/5
  3500 | D:4      | Noticed Dowan
  3519 | D:4      | Killed Dowan
  3519 | D:4      | Reached skill level 5 in Axes
  3523 | D:4      | Noticed Duvessa
  3547 | D:4      | Killed Duvessa
  3547 | D:4      | Reached XP level 6. HP: 23/49 MP: 6/6
  3855 | D:4      | Found a glowing golden altar of the Shining One.
  4070 | D:4      | Reached skill level 5 in Fighting
  4108 | D:4      | Reached XP level 7. HP: 46/56 MP: 7/7
  4604 | D:5      | Entered Level 5 of the Dungeon
  4625 | D:5      | Reached skill level 1 in Shields
  4688 | D:5      | Found Saoc's Antique Weapon Boutique.
  4915 | D:5      | Found a shadowy altar of Dithmenos.
  5072 | D:5      | Found a staircase to the Ecumenical Temple.
  5091 | Temple   | Entered the Ecumenical Temple
  5171 | Temple   | Became a worshipper of Qazlal Stormbringer
  5171 | Temple   | Reached * piety under Qazlal
  5171 | Temple   | Reached ** piety under Qazlal
  5223 | D:5      | Reached skill level 1 in Invocations
  5426 | D:5      | Reached skill level 2 in Invocations
  5722 | D:6      | Found a transporter.
  5732 | D:6      | Noticed a kobold demonologist
  5738 | D:6      | Gained mutation: Your flesh is cold resistant. (rC+)
                  | [demonic ancestry]
  5738 | D:6      | Reached XP level 8. HP: 57/63 MP: 8/10
  5757 | D:6      | Reached skill level 3 in Invocations
  6009 | D:6      | Found Roan's Distillery.
  6027 | D:6      | Noticed a kobold demonologist
  6029 | D:6      | Noticed an orc sorcerer
  6057 | D:6      | Reached skill level 4 in Invocations
  6127 | D:6      | Noticed Sigmund
  6314 | D:6      | Killed Sigmund
  6447 | D:6      | Reached skill level 5 in Invocations
  6524 | D:6      | Noticed Edmund
  6551 | D:6      | Killed Edmund
  7121 | D:6      | Found a transporter.
  7301 | D:6      | Found a stormy altar of Qazlal.
  7370 | D:7      | You fall into a shaft and drop 1 floor!
  7654 | D:8      | Found an iron altar of Okawaru.
  7680 | D:8      | Found an ornate altar of the Wu Jian Council.
  7689 | D:8      | Found a shimmering blue altar of Sif Muna.
  7698 | D:8      | Found a staircase to the Lair.
  7723 | D:8      | Reached skill level 6 in Invocations
  7723 | D:8      | Reached XP level 9. HP: 9/70 MP: 10/13
  8648 | D:7      | Reached skill level 7 in Invocations
  8914 | D:7      | Reached skill level 8 in Invocations
  9906 | D:8      | Found a glowing silver altar of Zin.
  9980 | D:9      | Noticed Maggie
  9989 | D:9      | Noticed a troll
  9994 | D:9      | Killed Maggie
  9994 | D:9      | Gained mutation: When hurt, damage is shared between your
                  | health and your magic reserves. [demonic ancestry]
  9994 | D:9      | Reached XP level 10. HP: 60/79 MP: 14/16
  9998 | D:9      | Reached skill level 9 in Invocations
 10022 | D:9      | Found a radiant altar of Vehumet.
 10343 | D:9      | Reached skill level 1 in Polearms
 10380 | D:9      | Noticed Prince Ribbit
 10388 | D:9      | Killed Prince Ribbit
 10410 | D:9      | Reached *** piety under Qazlal
 10427 | D:9      | Found a staircase to the Orcish Mines.
 10463 | D:9      | Reached skill level 10 in Invocations
 10868 | D:9      | Noticed Erica
 10877 | D:9      | Killed Erica
 11014 | D:10     | Entered Level 10 of the Dungeon
 11032 | D:10     | Noticed Maurice
 11032 | D:10     | Noticed Urug
 11233 | D:10     | Found a flagged portal.
 11247 | Bailey   | Entered a bailey
 11612 | D:10     | Noticed a gargoyle
 11617 | D:10     | Reached **** piety under Qazlal
 11632 | D:10     | Killed a gargoyle
 11632 | D:10     | Reached skill level 11 in Invocations
 11721 | D:10     | Noticed a gargoyle
 11727 | D:10     | Killed a gargoyle
 11768 | D:10     | Noticed Erolcha
 11771 | D:10     | Killed Erolcha
 11771 | D:10     | Gained mutation: You are mostly covered in iridescent
                  | scales. (AC +4) [demonic ancestry]
 11771 | D:10     | Reached XP level 11. HP: 87/87 MP: 14/19
 11806 | D:10     | Found a shimmering altar of Xom.
 11818 | D:10     | Reached skill level 5 in Polearms
 11820 | D:10     | Noticed Snorg
 11837 | D:10     | Killed Snorg
 12277 | D:10     | Killed Urug
 12277 | D:10     | Reached skill level 12 in Invocations
 12337 | D:10     | Killed Maurice
 12827 | Lair:1   | Entered Level 1 of the Lair of Beasts
 13427 | Lair:1   | Reached skill level 13 in Invocations
 13523 | Lair:1   | Found a stormy altar of Qazlal.
 13623 | Lair:1   | Noticed a six-headed hydra
 13627 | Lair:1   | Killed a six-headed hydra
 14763 | Lair:2   | Gained mutation: You are immune to freezing clouds.
                  | [demonic ancestry]
 14763 | Lair:2   | Reached XP level 12. HP: 87/96 MP: 20/22
 14804 | Lair:2   | Reached skill level 14 in Invocations
 15770 | Lair:2   | Reached skill level 10 in Fighting
 16323 | Lair:3   | Noticed a six-headed hydra
 16325 | Lair:3   | Killed a six-headed hydra
 16325 | Lair:3   | Reached skill level 1 in Armour
 16459 | Lair:3   | Reached skill level 15 in Invocations
 16728 | Lair:3   | Found a staircase to the Swamp.
 17803 | Lair:4   | Reached XP level 13. HP: 92/104 MP: 22/24
 17831 | Lair:4   | Reached ***** piety under Qazlal
 18437 | Lair:4   | Reached skill level 10 in Polearms
 18599 | Lair:4   | Found a hole to the Spider Nest.
 18824 | Lair:5   | Reached skill level 16 in Invocations
 19403 | Lair:5   | Found a viscous altar of Jiyva.
 19404 | Lair:5   | Found a staircase to the Slime Pits.
 19796 | Lair:6   | Entered Level 6 of the Lair of Beasts
 20482 | Lair:6   | Reached skill level 17 in Invocations
 20499 | Lair:5   | Reached skill level 5 in Armour
 20743 | Lair:6   | Gained mutation: You are completely covered in iridescent
                  | scales. (AC +6) [demonic ancestry]
 20743 | Lair:6   | Reached XP level 14. HP: 92/113 MP: 17/26
 21425 | Lair:6   | Reached skill level 18 in Invocations
 21957 | Lair:6   | Got a bloodstained buckler
 21968 | Lair:6   | Identified the cursed -6 buckler of the Locust {rElec rF++
                  | MP+9 Str+2} (You found it on level 6 of the Lair of Beasts)
 22535 | Orc:1    | Entered Level 1 of the Orcish Mines
 22732 | Orc:2    | Entered Level 2 of the Orcish Mines
 22757 | Orc:2    | Slain by an orc warrior

Levels and vault maps discovered:
D:1:      dpeg_arrival_water_fire, layout_loops_ring, cheibriados_altar_1
D:2:      layout_loops_corners
D:3:      layout_loops_ring, kiku_gazebo_pond_becter
D:4:      layout_cave_pods, nicolae_tso_carved_into_rock,
          gammafunk_temple_overflow_pools, first_ration, uniq_duvessa
D:5:      layout_gridville, minmay_temple_entry_overgrown, serial_shops,
          nicolae_shop_statue_plus, basic_altar
D:6:      gammafunk_wand_slinger, layout_basic, serial_shops, shop_coins,
          nicolae_qazlal_eye_of_the_storm, uniq_sigmund, uniq_edmund
D:7:      layout_loops_ring, grunt_livestock
D:8:      layout_basic, zin_treasury, kennysheep_mini_moat,
          grunt_temple_overflow_open, lair_entry_dummy,
          chequers_hall_statues_wall_a, kennysheep_generic_room_8
D:9:      layout_roguey, vehumet_crystals, erik_orc_1, uniq_prince_ribbit1,
          uniq_erica, uniq_maggie
D:10:     layout_irregular_city, enter_bailey_3, xom_confusion_cloud,
          uniq_snorg, uniq_maurice, uniq_urug, uniq_erolcha
Temple:   dshaligram_water_room_temple
Lair:1:   layout_hall_layers, basic_altar, grunt_megastairs_2
Lair:2:   layout_misc_corridors
Lair:3:   layout_gridlike, nicolae_swamp_entry_splash_gauntlet,
          forest_entry_grove, grunt_megastairs_1
Lair:4:   layout_roguey, spider_nest_entry_a
Lair:5:   layout_big_grid, dpeg_slime_entry_enclosed_altar
Lair:6:   minmay_lair_end_frog_pond, layout_loops_ring, st_stairs_7
Orc:1:    layout_diamond_mine, basic_altar
Orc:2:    st_orc_rangers, layout_caves, serial_shops, shop_coins

Skill      XL: |  1  2  3  4  5  6  7  8  9 10 11 12 13 14 |
---------------+-------------------------------------------+-----
Axes           | 3 4 5 6 7 9 |  9.2
Fighting       | 4 5 6 7 8 9 10 11 | 11.9
Dodging        | 3 |  3.3
Shields        | 2 3 4 |  4.0
Invocations    | 2 6 8 11 13 15 17 18 | 18.1
Polearms       | 4 7 9 10 | 10.6
Armour         | 2 5 6 |  6.0
Stealth        | |  1.7

Action                   |  1- 3 |  4- 6 |  7- 9 | 10-12 | 13-15 || total
-------------------------+-------+-------+-------+-------+-------++-------
Melee: Hand axe          |   142 |    15 |       |       |       ||   157
       Kick              |    19 |    30 |   103 |   232 |   207 ||   591
       War axe           |       |    94 |   342 |     5 |       ||   441
       Lance             |       |       |       |   785 |   558 ||  1343
Invok: Upheaval          |       |       |     3 |    11 |     3 ||    17
       Disaster Area     |       |       |       |       |     2 ||     2
  Use: Scroll            |     4 |     3 |     8 |     8 |     4 ||    27
       Potion            |       |     4 |     4 |     1 |       ||     9
  Eat: Chunk             |     4 |     6 |    12 |    21 |     7 ||    50
       Ration            |       |       |     2 |     2 |     2 ||     6
Armor: Scale mail        |    83 |    53 |    43 |       |       ||   179
       Chain mail        |       |       |    54 |       |    15 ||    69
       Plate armour      |       |       |    38 |   302 |   262 ||   602
Dodge: Dodged            |    80 |    67 |    84 |    90 |    87 ||   408
       Deflected         |       |       |       |     1 |       ||     1
Block: Buckler           |       |     2 |   118 |   270 |   292 ||   682

Table legend:
 A = Non-vault XP
 B = Vault XP
 C = Vault XP percentage of total XP
 D = Non-vault monster count
 E = Vault monster count
 F = Vault count percentage of total count
                 A         B        C        D         E       F
            +---------+---------+-------+---------+---------+-------
      Total |   50931 |   26176 |  33.9 |     348 |     144 |  29.3
            +---------+---------+-------+---------+---------+-------
        D:1 |      49 |       0 |   0.0 |      23 |       0 |   0.0
        D:2 |      34 |       0 |   0.0 |      15 |       0 |   0.0
        D:3 |      99 |       0 |   0.0 |      25 |       0 |   0.0
        D:4 |     342 |     214 |  38.5 |      16 |       2 |  11.1
        D:5 |     636 |       0 |   0.0 |      11 |       0 |   0.0
        D:6 |     794 |     396 |  33.3 |      17 |       2 |  10.5
        D:7 |     743 |    1006 |  57.5 |      23 |       5 |  17.9
        D:8 |     891 |       3 |   0.3 |      15 |       1 |   6.2
        D:9 |    1297 |    2206 |  63.0 |      11 |      20 |  64.5
       D:10 |    1394 |    3816 |  73.2 |      16 |      10 |  38.5
     Lair:1 |    4616 |     145 |   3.0 |      18 |       1 |   5.3
     Lair:2 |    7208 |       0 |   0.0 |      35 |       0 |   0.0
     Lair:3 |    7917 |    3249 |  29.1 |      35 |      19 |  35.2
     Lair:4 |    4344 |    1066 |  19.7 |      13 |       4 |  23.5
     Lair:5 |   10330 |    4112 |  28.5 |      39 |      12 |  23.5
     Lair:6 |    8679 |    9515 |  52.3 |      23 |      43 |  65.2
      Orc:1 |    1061 |       0 |   0.0 |      10 |       0 |   0.0
      Orc:2 |     497 |       0 |   0.0 |       3 |       0 |   0.0
     Bailey |       0 |     448 | 100.0 |       0 |      25 | 100.0
            +---------+---------+-------+---------+---------+-------
